 Dungeon Sprint DCSS version 0.31-a0-75-g6fe912e8c5 (webtiles) character file.

Game seed: 2111047310307925482

4536 sircluck the Brawler (level 10, -6/107 HPs)
             Began as a Troll Berserker on May 23, 2023.
             Was the Champion of Trog.
             Killed from afar by an electric eel (11 damage)
             ... with a bolt of electricity
             ... in the Dungeon (Sprint II: "The Violet Keep of Menkaure").
             The game lasted 00:04:32 (833 turns).

sircluck the Brawler (Troll Berserker)               Turns: 833, Time: 00:04:33

Health: -6/107     AC:  4    Str: 33    XL:     10   Next: 17%
Magic:  0/9        EV: 14    Int:  3    God:    Trog [******]
Gold:   134        SH:  0    Dex: 13    Spells: 9/9 levels left

rFire   . .          .
                       - Unarmed
rCold   . . .        (no shield)
rNeg    . . .        a - +0 animal skin
rPois   +            (helmet restricted)
rElec   .            (no cloak)
rCorr   .            (gloves unavailable)
SInv    .            (boots unavailable)
Will    .....        h - amulet of Brilliance {Spirit rPois Str+2 Dex+4 Stlth+}
Stlth   +++          k - ring of flight
HPRegen 1.17/turn    (no ring)
MPRegen 0.11/turn

%: no teleportation, guardian spirit
@: flying, unable to read
A: large, unfitting armour, claws 3, regeneration 1, shaggy fur 1, tough skin 1,
hooves 1, inability to read after injury 1
a: Renounce Religion, Berserk, Trog's Hand, Brothers in Arms


You were in the Dungeon.
You worshipped Trog.
Trog was exalted by your worship.
You visited 1 branch You collected 1053 gold pieces.
You spent 919 gold pieces at shops.

Inventory:

Hand Weapons
 j - a +0 dire flail
Armour
 a - a +0 animal skin (worn)
Jewellery
 h - the amulet of Brilliance (around neck) {Spirit rPois Str+2 Dex+4 Stlth+}
   (You bought it in a shop in the Dungeon)

   [amulet of guardian spirit]

   It causes incoming damage to be divided between your reserves of health and
   magic.
   Str:       It affects your strength (+2).
   Dex:       It affects your dexterity (+4).
   rPois:     It protects you from poison.
   Stlth:     It makes you more stealthy.
 k - a ring of flight (left claw)
Scrolls
 g - a scroll of blinking
 i - a scroll of magic mapping
Potions
 b - a potion of curing
 c - a potion of heal wounds
 d - a potion of haste
 e - 2 potions of magic
 f - a potion of berserk rage


   Skills:
 + Level 9.6 Fighting
 + Level 11.3 Dodging
 + Level 2.5 Stealth
 + Level 16.8 Unarmed Combat


You had 9 spell levels left.
You didn't know any spells.
Your spell library was empty.

Dungeon Overview and Level Annotations

Branches:
Dungeon (1/1)

Altars:

Shops:
D [(:!:!=?([=?!*=

Annotations:
D exclusions: ice statue and oklob plant


Innate Abilities, Weirdness & Mutations

You are too large for most types of armour.
You have claws for hands.
Your natural rate of healing is unusually fast.
You are covered in fur. (AC +1)
You have tough skin. (AC +1)
You have large cloven feet.
You occasionally lose the ability to read scrolls when taking damage.


Message History

The bolt of electricity hits the electric eel.
The electric eel completely resists.
The bolt of electricity hits you.
The electric eel shoots out a bolt of lightning at you!
The bolt of electricity hits the electric eel.
The electric eel completely resists.
The bolt of electricity hits the electric eel.
The electric eel completely resists.
The bolt of electricity hits the electric eel.
The electric eel completely resists.
The bolt of electricity hits you!
The electric eel shoots out a bolt of lightning at you!
The bolt of electricity hits the electric eel.
The electric eel completely resists.
The bolt of electricity hits you!
The electric eel shoots out a bolt of lightning at you!
The bolt of electricity misses the electric eel.
The bolt of electricity hits the electric eel.
The electric eel completely resists.
The bolt of electricity hits you!
You feel threatened and lose the ability to read scrolls!
The electric eel shoots out a bolt of lightning at you!
The bolt of electricity hits you!
* * * LOW HITPOINT WARNING * * *
The bolt of electricity hits you.
* * * LOW HITPOINT WARNING * * *
The electric eel shoots out a bolt of lightning at you!
The bolt of electricity hits the electric eel.
The electric eel completely resists.
The bolt of electricity hits the electric eel.
The electric eel completely resists.
The bolt of electricity hits you!
* * * LOW HITPOINT WARNING * * *
The electric eel shoots out a bolt of lightning at you!
The bolt of electricity hits the electric eel.
The electric eel completely resists.
The bolt of electricity misses you.
The electric eel shoots out a bolt of lightning at you!
The bolt of electricity hits the electric eel.
The electric eel completely resists.
The bolt of electricity hits you!
* * * LOW HITPOINT WARNING * * *
The electric eel shoots out a bolt of lightning at you!
The bolt of electricity hits the electric eel.
The electric eel completely resists.
The bolt of electricity misses you. The bolt of electricity hits you!
You die...

#+## ####+#### #..+
##§§§§≈≈≈##
#..###S§§§§≈≈≈≈##
####.@'SSSSS§S≈S≈≈#
#..†####SSS§§S≈≈≈
#.....~##§§≈§S≈
############~~#+++#+++##
###########~~~.........#
##........#~~~~.##'##..#
##...⌠...)#~~~~##.#.##.####
##..∩.∩...#~~~~#..#..#....#
##.∩...∩..#~~#####.#####..##


You could see 9 electric eels.

Vanquished Creatures
  Kirke (D)
  A yaktaur captain (D)
  A centaur warrior (D)
  A skeletal warrior (D)
  An elephant (D)
  A kobold demonologist (D)
  4 neqoxecs (D)
  Menkaure (D)
  2 redbacks (D)
  A water moccasin (D)
  4 necrophages (D)
  4 scorpions (D)
  A hell rat (D)
  3 worms (D)
26 creatures vanquished.

Notes
Turn   | Place    | Note
-------+----------+-------------------------------------------
     0 | D        | sircluck the Troll Berserker began the quest for the Orb.
     0 | D        | Reached XP level 1. HP: 22/22 MP: 0/0
     1 | D        | Noticed a scorpion
     1 | D        | Noticed a scorpion
    22 | D        | Found Heshruer's Jewellery Shop.
    23 | D        | Found Muturch's Assorted Antiques.
    23 | D        | Found Hopen's Jewellery Shop.
    23 | D        | Found Icvisel's Magic Scroll Shop.
    23 | D        | Found Nazux's Antique Weapon Boutique.
    23 | D        | Found Feluupt's Antique Armour Boutique.
    23 | D        | Found Zaur's Magic Scroll Shop.
    28 | D        | Reached ** piety under Trog
    29 | D        | Reached XP level 2. HP: 17/31 MP: 1/1
    30 | D        | Found Corurep's Distillery.
    30 | D        | Found Tixkotz's Jewellery Shop.
    30 | D        | Found Sadghi's Distillery.
    30 | D        | Noticed Menkaure
    35 | D        | Killed Menkaure
    36 | D        | Reached skill level 5 in Fighting
    36 | D        | Reached skill level 5 in Dodging
    36 | D        | Reached skill level 6 in Unarmed Combat
    36 | D        | Reached XP level 3. HP: 33/42 MP: 2/2
    36 | D        | Reached XP level 4. HP: 39/50 MP: 3/3
    49 | D        | Noticed a neqoxec
    49 | D        | Noticed a neqoxec
    49 | D        | Noticed a neqoxec
    49 | D        | Noticed a neqoxec
    54 | D        | Killed a neqoxec
    54 | D        | Gained mutation: You have large cloven feet. [a neqoxec]
    55 | D        | Reached skill level 8 in Unarmed Combat
    55 | D        | Reached XP level 5. HP: 59/59 MP: 4/4
    56 | D        | Killed a neqoxec
    56 | D        | Reached *** piety under Trog
    57 | D        | Reached skill level 9 in Unarmed Combat
    57 | D        | Reached XP level 6. HP: 68/68 MP: 5/5
    63 | D        | Killed a neqoxec
    64 | D        | Reached skill level 10 in Unarmed Combat
    64 | D        | Reached XP level 7. HP: 78/78 MP: 6/6
    64 | D        | Gained mutation: You occasionally lose the ability to read
                  | scrolls when taking damage. [a neqoxec]
    68 | D        | Killed a neqoxec
    87 | D        | Reached **** piety under Trog
    93 | D        | Reached skill level 11 in Unarmed Combat
   164 | D        | Reached ***** piety under Trog
   165 | D        | Reached XP level 8. HP: 87/88 MP: 7/7
   168 | D        | Reached skill level 12 in Unarmed Combat
   244 | D        | Noticed an ice statue
   261 | D        | Found Ible's Book Shop.
   261 | D        | Found Utumeud's Distillery.
   261 | D        | Noticed an oklob plant
   262 | D        | Found Ibanick's Weapon Shop.
   262 | D        | Found Zumurek's Antique Armour Boutique.
   262 | D        | Found Huinleph's Book Shoppe.
   265 | D        | Noticed a manticore
   265 | D        | Noticed a manticore
   266 | D        | Noticed a manticore
   267 | D        | Noticed a cane toad
   267 | D        | Noticed a cane toad
   274 | D        | Bought the amulet of Brilliance {Spirit rPois Str+2 Dex+4
                  | Stlth+} for 622 gold pieces
   278 | D        | Bought a scroll of magic mapping for 105 gold pieces
   354 | D        | Noticed Kirke
   354 | D        | Noticed a yaktaur captain
   354 | D        | Noticed a skeletal warrior
   483 | D        | Noticed an elephant
   606 | D        | Killed a yaktaur captain
   607 | D        | Reached skill level 1 in Stealth
   607 | D        | Reached skill level 13 in Unarmed Combat
   624 | D        | Noticed a kobold demonologist
   627 | D        | Killed a kobold demonologist
   636 | D        | Reached skill level 14 in Unarmed Combat
   636 | D        | Reached XP level 9. HP: 97/97 MP: 8/8
   652 | D        | Reached ****** piety under Trog
   665 | D        | Killed a skeletal warrior
   666 | D        | Reached skill level 10 in Dodging
   666 | D        | Reached skill level 15 in Unarmed Combat
   721 | D        | Noticed a centaur warrior
   743 | D        | Noticed a lindwurm
   751 | D        | Noticed a manticore
   751 | D        | Killed Kirke
   751 | D        | Received a gift from Trog
   752 | D        | Reached skill level 16 in Unarmed Combat
   788 | D        | Killed a centaur warrior
   789 | D        | Reached XP level 10. HP: 94/107 MP: 7/9
   796 | D        | Bought a ring of flight for 192 gold pieces
   830 | D        | Killed an elephant
   833 | D        | HP: 5/107 [electric eel/bolt of electricity (12)]
   833 | D        | Killed from afar by an electric eel

Illustrated notes

Levels and vault maps discovered:
D:        the_violet_keep_of_menkaure [sprint2_stairs_cluster_1,
          sprint2_shoproom, sprint2_temple, sprint2_basic_supplies,
          sprint2_obstacle_2, sprint2_obstacle_3, sprint2_obstacle_7,
          sprint2_obstacle_5, sprint2_obstacle_4, sprint2_timed_cluster_1,
          sprint2_smallroom_cluster_1, sprint2_smallroom_final_cluster_1,
          sprint2_transparent_cluster_1, sprint2_second_timed_cluster_1,
          sprint2_sniper_area_1, sprint2_heavy_combat_area_1,
          sprint2_mutation_trap_area_1, sprint2_forest_area_1,
          sprint2_light_combat_area_1, sprint2_behind_water_1,
          sprint2_near_end_vault_1]

Skill      XL: |  1  2  3  4  5  6  7  8  9 |
---------------+----------------------------+-----
Fighting       | 3 5 6 7 8 9 |  9.6
Dodging        | 3 5 6 7 8 9 11 | 11.3
Unarmed Combat | 6 8 9 10 11 14 16 | 16.8
Stealth        | 1 2 |  2.5

Action                     |  1- 3 |  4- 6 |  7- 9 | 10-12 || total
---------------------------+-------+-------+-------+-------++-------
  Melee: Unarmed           |    15 |    13 |    63 |     3 ||    94
         Punch             |     1 |       |     3 |     1 ||     5
         Kick              |       |     1 |    16 |     1 ||    18
 Invoke: Berserk           |       |     1 |     2 |       ||     3
 Armour: Animal skin       |     1 |       |    17 |     2 ||    20
  Dodge: Dodged            |     1 |     2 |    39 |     3 ||    45

Table legend: (Time is in decaauts)
 A = Elapsed time spent in this place.
 B = Non-inter-level travel time spent in this place.
 C = Inter-level travel time spent in this place.
 D = Time resting spent in this place.
 E = Time spent auto-exploring this place.
 F = Levels seen in this place.
 G = Mean time per level.
                   A        B        C        D        E       F      G
               +--------+--------+--------+--------+--------+-----+--------+
         Total |    872 |    830 |     42 |    394 |     44 |   1 |  872.0 |
       Dungeon |    872 |    830 |     42 |    394 |     44 |   1 |  872.0 |
               +--------+--------+--------+--------+--------+-----+--------+

Top non-repeatable levels by time:
       D: 872 daAuts
